 Dungeon Crawl Stone Soup version 0.31-a0-1370-gf52a5a9ab3 (webtiles) character file.

Game seed: 7847720225020530254

305 gohu the Cudgeller (level 6, -5/56 HPs)
             Began as a Minotaur Fighter on Dec 23, 2023.
             Succumbed to a kobold brigand's curare-tipped dart
             ... on level 3 of the Dungeon.
             The game lasted 00:03:51 (1889 turns).

gohu the Cudgeller (Minotaur Fighter)               Turns: 1889, Time: 00:03:52

Health: -5/56      AC: 13    Str: 23    XL:     6   Next: 15%
Magic:  5/5        EV:  6    Int:  5    God:
Gold:   84         SH:  5    Dex: 15    Spells: 5/5 levels left

rFire   . . .        a - +0 flail
rCold   . . .        c - +0 buckler
rNeg    . . .        m - +0 plate armour
rPois   .            (helmet restricted)
rElec   .            (no cloak)
rCorr   .            t - +0 pair of gloves
SInv    .            (no boots)
Will    .....        (no amulet) Stlth
                     l - +6 ring of dexterity
HPRegen 0.29/turn    (no ring)
MPRegen 0.09/turn

%: no passive effects
@: lethally poisoned (-5 -> -22), slowed, very slow
A: horns 2, retaliatory headbutt
a: no special abilities


You were on level 3 of the Dungeon.
You visited 1 branch of the dungeon, and saw 4 of its levels.

You collected 84 gold pieces.

Inventory:

Hand Weapons
 a - a +0 flail (weapon)
Missiles
 g - 4 boomerangs
Armour
 b - a +0 scale mail
 c - a +0 buckler (worn)
 m - a +0 plate armour (worn)
 t - a +0 pair of gloves (worn)
Jewellery
 l - a +6 ring of dexterity (left hand)
Wands
 v - a wand of light (9)
Scrolls
 h - a scroll of noise {unknown}
 i - a scroll of identify {unknown}
 k - 3 scrolls of amnesia {unknown}
 n - a scroll of fear {unknown}
 p - a scroll of teleportation {unknown}
 q - a scroll of silence {unknown}
 r - a scroll of torment {unknown}
 u - a scroll of blinking {unknown}
Potions
 d - a potion of might
 e - a potion of degeneration {unknown}
 f - 2 potions of curing {unknown}
 j - 2 potions of berserk rage {unknown}
 o - a potion of attraction {unknown}
 s - a potion of haste {unknown}
 w - a potion of lignification {unknown}


   Skills:
 * Level 5.1 Fighting
 * Level 5.8 Maces & Flails
 + Level 4.6 Armour
 + Level 4.4 Shields


You had 5 spell levels left.
You didn't know any spells.
Your spell library contained the following spells:

 Spells                   Type           Power      Damage    Failure   Level
 Slow                     Hex            0%         N/A       100%        1
 Confusing Touch          Hex            0%         N/A       100%        3
 Dazzling Flash           Conj/Hex       0%         N/A       100%        3
 Mephitic Cloud           Conj/Alch/Air  0%         N/A       100%        3
 Sigil of Binding         Hex            0%         N/A       100%        3
 Vampiric Draining        Necr           0%         2d6       100%        3
 Agony                    Necr           0%         N/A       100%        5
 Silence                  Hex/Air        0%         N/A       100%        5


Dungeon Overview and Level Annotations

Branches:
Dungeon (4/15)
 Temple: D:4-7

Altars:


Innate Abilities, Weirdness & Mutations

You have a pair of horns on your head.
You reflexively headbutt those who attack you in melee.


Message History

You are too injured to fight recklessly!
You are too injured to fight recklessly!
You are too injured to fight recklessly!
You are too injured to fight recklessly!
You hit the iguana.
The iguana is severely wounded.
The iguana bites you but does no damage.
You hit the iguana.
The iguana is almost dead.
The iguana barely misses you.
You closely miss the iguana.
The iguana is almost dead.
The iguana bites you but does no damage.
You hit the iguana but do no damage.
You headbutt the iguana, but do no damage.
The iguana is almost dead.
The iguana bites you but does no damage.
You completely miss the iguana. Your headbutt misses the iguana.
The iguana is almost dead.
The iguana bites you but does no damage.
You hit the iguana.
You kill the iguana!
The kobold brigand throws a curare-tipped dart.
The curare-tipped dart closely misses you.
The kobold brigand throws a curare-tipped dart.
The curare-tipped dart hits you.
You are poisoned.
You have difficulty breathing.
You feel yourself slow down.
You feel very sick.
The kobold brigand throws a curare-tipped dart.
The curare-tipped dart hits you.
You are lethally poisoned!
You have difficulty breathing.
* * * LOW HITPOINT WARNING * * *
You feel as though you will be slow longer.
There is a stone staircase leading up here.
* * * LOW HITPOINT WARNING * * *
You feel extremely sick.
You climb upwards.
You die...

#.##..#.... #
######.#........ #
#..........)..# ...
#####
#...........##..#
....#
#...†...........##
#..
#......#.#..........
#.#
..#.##.#.##.......
#.# .. #.#.##..##.#
#.. #
.##.#)@).....### #..
.......))).......#
#..
.#.###.#.#.##..#.####
#.#
#.....##..#....###.#
...###.....#..#.#.#..
###. ...........#.#..
#. #................
#. #####.........#.#
#............


There were no monsters in sight!

Vanquished Creatures
  A black bear (D:3)
  Jessica (D:2)
  An iguana (D:4)
  An orc wizard (D:3)
  Robin (D:4)
  An adder (D:4)
  3 gnolls (D:3)
  2 worms (D:2)
  A dart slug (D:2)
  5 orcs (D:3)
  7 ball pythons
  7 endoplasms
  4 giant cockroaches
  14 goblins
  5 hobgoblins
  6 jackals
  2 quokkas
  A bat (D:3)
  A frilled lizard (D:2)
  4 kobolds
  4 rats
72 creatures vanquished.

Notes
Turn   | Place    | Note
-------+----------+-------------------------------------------
     0 | D:1      | gohu the Minotaur Fighter began the quest for the Orb.
     0 | D:1      | Reached XP level 1. HP: 19/19 MP: 0/0
    51 | D:1      | Reached XP level 2. HP: 27/27 MP: 1/1
   136 | D:1      | Found a faded altar of an unknown god.
   493 | D:2      | Noticed Jessica
   495 | D:2      | Killed Jessica
   496 | D:2      | Reached XP level 3. HP: 34/34 MP: 2/2
   775 | D:2      | Reached XP level 4. HP: 37/41 MP: 3/3
  1343 | D:3      | Reached XP level 5. HP: 25/47 MP: 4/4
  1751 | D:4      | Noticed Robin
  1810 | D:4      | Noticed a black bear
  1815 | D:3      | Reached skill level 5 in Maces & Flails
  1830 | D:3      | Killed a black bear
  1831 | D:3      | Reached skill level 5 in Fighting
  1871 | D:4      | Reached XP level 6. HP: 53/56 MP: 5/5
  1876 | D:4      | Killed Robin
  1889 | D:3      | Succumbed to a kobold brigand's curare-tipped dart

Illustrated notes

Levels and vault maps discovered:
D:1:      dpeg_arrival_windows_large_door, layout_rooms,
          hellmonk_ecumenical_altar_heavens_door, st_stairs_6
D:2:      minmay_inner_zag, layout_loops_cross, uniq_jessica
D:3:      layout_basic, kennysheep_big_empty_room
D:4:      minmay_spotlight, layout_loops_ring, lemuel_round_altar,
          mainiacjoe_overflow_catch_the_wave, hangedman_ru_absence, uniq_pikel,
          uniq_eustachio, uniq_robin

Skill      XL: |  1  2  3  4  5 |
---------------+----------------+-----
Fighting       | 4 5 |  5.1
Maces & Flails | 3 4 5 |  5.8
Armour         | 4 |  4.6
Shields        | 4 |  4.4

Action                     |  1- 3 |  4- 6 || total
---------------------------+-------+-------++-------
  Melee: Flail             |    59 |    90 ||   149
         Headbutt          |     9 |    17 ||    26
 Armour: Scale mail        |    26 |       ||    26
         Plate armour      |     9 |   127 ||   136
  Dodge: Dodged            |    22 |    34 ||    56
  Block: Buckler           |     9 |    33 ||    42

Table legend: (Time is in decaauts)
 A = Elapsed time spent in this place.
 B = Non-inter-level travel time spent in this place.
 C = Inter-level travel time spent in this place.
 D = Time resting spent in this place.
 E = Time spent auto-exploring this place.
 F = Levels seen in this place.
 G = Mean time per level.
                   A        B        C        D        E       F      G
               +--------+--------+--------+--------+--------+-----+--------+
         Total |   1930 |   1886 |     44 |     31 |   1295 |   4 |  482.5 |
       Dungeon |   1930 |   1886 |     44 |     31 |   1295 |   4 |  482.5 |
               +--------+--------+--------+--------+--------+-----+--------+

Top non-repeatable levels by time:
     D:3: 802 daAuts
     D:2: 733 daAuts
     D:1: 353 daAuts
     D:4: 41 daAuts
